 Dungeon Crawl Stone Soup version 0.28.0-53-g5a82cb258f (webtiles) character file.

Game seed: 5521336850353348988

3021 cbfl8 the Cleaver (level 9, -1/81 HPs)
             Began as a Minotaur Berserker on Sept 15, 2022.
             Was an Elder of Trog.
             Slain by Pikel
             ... wielding a +0 whip of electrocution
              (9 damage)
             ... on level 7 of the Dungeon.
             The game lasted 00:07:21 (8404 turns).

cbfl8 the Cleaver (Minotaur Berserker)              Turns: 8404, Time: 00:07:22

Health: -1/81      AC: 11    Str: 21    XL:     9   Next: 55%
Magic:  8/8        EV: 10    Int: 10    God:    Trog [****..]
Gold:   567        SH:  0    Dex: 15    Spells: 8/8 levels left

rFire   + . .      SeeInvis .   d - +1 war axe (holy)
rCold   x . .      Faith    .   (no shield)
rNeg    . . .      Spirit   .   u - +0 chain mail
rPois   .          Reflect  .   (helmet restricted)
rElec   .          Harm     .   (no cloak)
rCorr   .          Rampage  .   b - +0 pair of gloves
Will    .....                   (no boots)
Stlth   ..........              (no amulet)
HPRegen 0.23/turn               p - +6 ring of intelligence
MPRegen 0.11/turn               x - ring of fire

@: no status effects
A: horns 2, retaliatory headbutt
a: Renounce Religion, Berserk, Trog's Hand, Brothers in Arms


You were on level 7 of the Dungeon.
You worshipped Trog.
Trog was greatly pleased with you.
You visited 1 branch of the dungeon, and saw 7 of its levels.
You also visited: Sewer.

You collected 567 gold pieces.

Inventory:

Hand Weapons
 d - a +1 war axe of holy wrath (weapon)
 w - a +2 vampiric hand axe
Missiles
 s - 3 throwing nets (quivered)
Armour
 b - a +0 pair of gloves (worn)
 u - a +0 chain mail (worn)
Jewellery
 h - a +6 ring of intelligence
 p - a +6 ring of intelligence (left hand)
 x - a ring of fire (right hand)
 y - a +6 ring of intelligence
 z - the ring of Vyapt {Contam rElec rCorr SInv}
   (You found it on level 6 of the Dungeon)

   [ring of resist corrosion]

   rElec:     It insulates you from electricity.
   SInv:      It lets you see invisible.
   Contam:    It causes magical contamination when unequipped.
   rCorr:     It protects you from acid and corrosion.
Scrolls
 c - a scroll of enchant weapon
 e - a scroll of magic mapping {unknown}
 g - 2 scrolls of immolation
 i - a scroll of blinking {unknown}
 j - a scroll of enchant armour
 k - 3 scrolls of teleportation
 r - a scroll of identify
Potions
 a - a potion of ambrosia {unknown}
 f - a potion of might {unknown}
 l - 2 potions of curing {unknown}
 m - 3 potions of heal wounds {unknown}
 n - 2 potions of flight {unknown}
 o - a potion of haste
 q - 3 potions of mutation {unknown}
 t - a potion of lignification {unknown}
 v - 2 potions of berserk rage {unknown}


   Skills:
 * Level 7.9 Fighting
 * Level 10.9 Axes
 + Level 6.3 Armour
 * Level 5.6 Dodging
 + Level 1.5 Stealth
 * Level 3.7 Evocations


You had 8 spell levels left.
You didn't know any spells.
Your spell library was empty.

Dungeon Overview and Level Annotations

Branches:
Dungeon (7/15)             Temple (0/1) D:6           Sewer (visited)

Altars:

Annotations:
D:4 1 runed translucent door, BuzzyBeetle's ghost, amateur KoBr
D:7 Pikel


Innate Abilities, Weirdness & Mutations

You have a pair of horns on your head.
You reflexively headbutt those who attack you in melee.


Message History

The lemure hits you but does no damage.
Pikel hits you with a +0 whip of electrocution.
The lemure hits you.
You closely miss Pikel.
Pikel is severely wounded.
You hit the lemure.
The lemure convulses.
You miss the lemure. You slash the lemure!
The lemure convulses!
The lemure hits you but does no damage. x2
Pikel hits you with a +0 whip of electrocution.
You are electrocuted!
The lemure misses you.
You slash Pikel!
Pikel is almost dead.
You slash the lemure!
The lemure convulses.
You kill the lemure!
That felt strangely unrewarding.
You slash the lemure!
The lemure convulses!
You kill the lemure!
That felt strangely unrewarding.
You barely miss the lemure.
Pikel hits you with a +0 whip of electrocution.
You are electrocuted!
* * * LOW HITPOINT WARNING * * *
The lemure barely misses you.
You closely miss Pikel.
Pikel is almost dead.
You closely miss the lemure. Pikel closely misses you.
The lemure closely misses you.
Unknown command.
You barely miss Pikel.
Pikel is almost dead.
You hit the lemure.
The lemure convulses.
You kill the lemure!
That felt strangely unrewarding.
Pikel hits you but does no damage.
You are electrocuted!
* * * LOW HITPOINT WARNING * * *
You barely miss Pikel.
Pikel is almost dead.
Pikel hits you but does no damage.
You closely miss Pikel.
Pikel is almost dead.
Pikel hits you but does no damage.
You are electrocuted!
You die...

#....##.# #..#
###..##.# #.##
#..##.# ####
#.
#..##.###.....
.. #..##.....#
..
##.......###
####..?####..#
#........# #.#
# #......@.#
..# #
#......K.# #.#
# #.....?..#
.# #
#........# ..
# #......... #
#.......... #
#........#. #
#........#.. #
#


You could see Pikel.

Vanquished Creatures
  Maggie (D:7)
  Prince Ribbit (D:5)
  A vampire (D:6)
  2 steam dragons
  Menkaure (D:5)
  3 water moccasins
  An orc warrior (D:7)
  A sky beast (D:7)
  2 black bears
  A necrophage (D:5)
  An ogre (D:6)
  4 lemures (D:7)
  Blork the orc (D:5)
  2 scorpions
  2 water moccasin zombies
  A water moccasin skeleton (D:5)
  A howler monkey (D:5)
  3 hounds
  3 jellies
  2 orc priests
  A gnoll shaman (D:7)
  3 bullfrog skeletons
  An orc wizard (D:5)
  2 iguanas
  A scorpion zombie (D:5)
  Terence (D:3)
  A killer bee zombie (D:7)
  A hound skeleton (D:5)
  A howler monkey zombie (D:6)
  10 adders
  3 gnolls (D:7)
  An ufetubus (D:7)
  3 worms
  5 dart slugs
  15 orcs
  11 bats
  12 endoplasms
  4 giant cockroaches
  2 goblins
  5 hobgoblins
  9 jackals
  4 quokkas
  7 ball pythons
  6 frilled lizards
  15 kobolds
  7 rats
165 creatures vanquished.

Vanquished Creatures (others)
  A fungus (D:3)
  10 toadstools (D:3)
11 creatures vanquished.

Grand Total: 176 creatures vanquished

Notes
Turn   | Place    | Note
-------+----------+-------------------------------------------
     0 | D:1      | cbfl8 the Minotaur Berserker began the quest for the Orb.
     0 | D:1      | Reached XP level 1. HP: 19/19 MP: 0/0
    92 | D:1      | Found a faded altar of an unknown god.
   132 | D:1      | Reached XP level 2. HP: 25/27 MP: 1/1
   258 | D:1      | Reached skill level 4 in Axes
   455 | D:2      | Reached XP level 3. HP: 28/33 MP: 2/2
   666 | D:2      | You fall into a shaft and drop 2 floors!
   688 | D:4      | Reached ** piety under Trog
  1134 | D:3      | Noticed Terence
  1141 | D:3      | Reached XP level 4. HP: 33/40 MP: 3/3
  1144 | D:3      | Killed Terence
  1355 | D:3      | Reached skill level 5 in Axes
  1453 | D:3      | Found a glowing drain.
  1457 | Sewer    | Entered a sewer
  1477 | Sewer    | Noticed a water moccasin
  1484 | Sewer    | Killed a water moccasin
  1485 | Sewer    | Reached XP level 5. HP: 47/47 MP: 4/4
  1748 | D:3      | Reached skill level 6 in Axes
  1748 | D:3      | Reached skill level 1 in Evocations
  1748 | D:3      | Reached XP level 6. HP: 38/55 MP: 5/5
  2625 | D:3      | Reached skill level 5 in Fighting
  2625 | D:3      | Reached *** piety under Trog
  2629 | D:3      | Reached skill level 1 in Stealth
  4468 | D:4      | Found a runed translucent door.
  4469 | D:4      | Noticed BuzzyBeetle's ghost (amateur KoBr)
  4615 | D:5      | Entered Level 5 of the Dungeon
  4631 | D:5      | Reached skill level 7 in Axes
  4631 | D:5      | Reached XP level 7. HP: 59/61 MP: 6/6
  4892 | D:5      | Identified the +1 ring mail of Serendipity {rElec rF-
                  | Int+7}
  5141 | D:5      | Noticed Menkaure
  5142 | D:5      | Noticed Blork the orc
  5149 | D:5      | Killed Blork the orc
  5152 | D:5      | Killed Menkaure
  5153 | D:5      | Reached skill level 8 in Axes
  5153 | D:5      | Reached XP level 8. HP: 68/70 MP: 7/7
  5772 | D:5      | Noticed Prince Ribbit
  5783 | D:5      | Killed Prince Ribbit
  5784 | D:5      | Reached **** piety under Trog
  5981 | D:6      | Reached skill level 9 in Axes
  5981 | D:6      | Identified the +1 scale mail "Hafiygisto" {Rampage}
  7007 | D:6      | Reached skill level 5 in Dodging
  7388 | D:6      | Reached skill level 5 in Armour
  7482 | D:6      | Found a staircase to the Ecumenical Temple.
  7501 | D:6      | Reached skill level 10 in Axes
  7501 | D:6      | Reached XP level 9. HP: 75/79 MP: 8/8
  7922 | D:6      | Identified the ring of Vyapt {Contam rElec rCorr SInv}
  8039 | D:7      | Noticed Maggie
  8054 | D:7      | Killed Maggie
  8385 | D:7      | Noticed Pikel
  8404 | D:7      | Slain by Pikel

Illustrated notes

Levels and vault maps discovered:
D:1:      lightli_molten_gateway, layout_rooms,
          hellmonk_ecumenical_altar_arch_garden
D:2:      layout_basic, st_stairs_1, kennysheep_generic_room_5
D:3:      cheibrodos_fertilizer, layout_basic, gup_sewer_entry_spiral,
          kennysheep_minor_cross, uniq_terence
D:4:      layout_basic, gammafunk_ghost_grave
D:5:      layout_basic, minmay_misc_feat_rugged, uniq_menkaure,
          uniq_blork_the_orc, uniq_prince_ribbit1
D:6:      layout_basic, minmay_temple_entry_metal_lava,
          kennysheep_generic_room_14
D:7:      layout_rooms, sigmund_army, uniq_pikel, uniq_maggie

Skill      XL: |  1  2  3  4  5  6  7  8  9 |
---------------+----------------------------+-----
Axes           | 4 5 6 7 8 10 | 10.9
Fighting       | 4 5 6 7 |  7.9
Dodging        | 3 4 5 |  5.6
Evocations     | 1 2 3 |  3.7
Stealth        | 1 |  1.5
Armour         | 3 5 6 |  6.3

Action                   |  1- 3 |  4- 6 |  7- 9 || total
-------------------------+-------+-------+-------++-------
Melee: Hand axe          |    62 |   163 |   131 ||   356
       Headbutt          |     8 |    26 |    40 ||    74
       Punch             |       |     1 |       ||     1
       War axe           |       |       |    80 ||    80
Invok: Berserk           |       |     2 |     3 ||     5
       Trog's Hand       |       |     1 |       ||     1
  Use: Scroll            |       |       |     7 ||     7
 Stab: Sleeping          |     1 |     3 |       ||     4
Armor: Animal skin       |    15 |    18 |       ||    33
       Chain mail        |       |    18 |    99 ||   117
       Scale mail        |       |       |     1 ||     1
Dodge: Dodged            |    54 |    91 |    95 ||   240
